 Dungeon Crawl Stone Soup version 0.27-a0-1501-g9d6fb14e67 (webtiles) character file.

Game seed: 7927487862638882928

6469 Lekart the Carver (level 10, -1/79 HPs)
             Began as a Purple Draconian Chaos Knight on July 7, 2021.
             Was a Plaything of Xom.
             Succumbed to a sea snake's poison
             ... on level 10 of the Dungeon.
             The game lasted 00:22:25 (13554 turns).

Lekart the Carver (Purple Draconian Chaos Knight)  Turns: 13554, Time: 00:22:26

Health: -1/79      AC:  9    Str: 12      XL:     10   Next: 68%
Magic:  8/21       EV: 15    Int: 12      God:    Xom [*.....]
Gold:   261        SH: 11    Dex: 14 (15) Spells: 24/24 levels left

rFire    . . .     SeeInvis .   s - +5 long sword (freeze)
rCold    . . .     Faith    .   q - +2 buckler
rNeg     + . .     Spirit   +   (armour unavailable)
rPois    +         Reflect  .   (helmet restricted)
rElec    .         Harm     .   (no cloak)
rCorr    .         Rampage  .   d - +0 pair of gloves
Will     +....     Clarity  +   c - +0 pair of boots
Stlth    +.........             f - amulet of guardian spirit
HPRegen  0.23/turn              e - ring of wizardry
MPRegen  0.17/turn              j - ring of positive energy

@: lethally poisoned (-1 -> -60), unable to read
A: breathe power, AC +7, unfitting armour, cold-blooded, stinger 1, large bone
plates 1, clarity, frail 1, poison resistance, screaming 1, weak 1, inability to
read while threatened
a: Breathe Dispelling Energy, Renounce Religion


You were on level 10 of the Dungeon.
You worshipped Xom.
You were a special plaything of Xom.
You visited 2 branches of the dungeon, and saw 12 of its levels.
You also visited: Sewer.

You collected 576 gold pieces.
You spent 315 gold pieces at shops.

Inventory:

Hand Weapons
 a - a +0 falchion of chaos
 s - a +5 long sword of freezing (weapon)
 u - a +0 halberd of flaming
Missiles
 n - a curare-tipped dart (quivered)
Armour
 c - a +0 pair of boots (worn)
 d - a +0 pair of gloves (worn)
 q - a +2 buckler (worn)
Jewellery
 e - a ring of wizardry (left hand)
 f - an amulet of guardian spirit (around neck)
 j - a ring of positive energy (right hand)
 k - a ring of flight
Wands
 l - a wand of digging (7)
 m - a wand of charming (5)
Scrolls
 g - 2 scrolls of blinking
 h - 6 scrolls of teleportation
 o - a scroll of magic mapping
 p - a scroll of fog
 r - a scroll of acquirement {unknown}
Potions
 b - a potion of heal wounds
 i - a potion of brilliance


   Skills:
 + Level 7.7 Fighting
 + Level 9.8 Long Blades
 + Level 2.1 Polearms
 + Level 1.7 Throwing
 + Level 6.6 Dodging
 + Level 5.1 Shields
 * Level 7.9 Spellcasting


You had 24 spell levels left.
You didn't know any spells.
Your spell library contained the following spells:

 Spells                   Type           Power      Damage    Failure   Level
 Animate Skeleton         Necr           8%         N/A       6%          1
 Apportation              Tloc           8%         N/A       6%          1
 Corona                   Hex            4%         N/A       6%          1
 Magic Dart               Conj           16%        1d3       6%          1
 Summon Small Mammal      Summ           16%        N/A       6%          1
 Passwall                 Tmut/Erth      3%         N/A       9%          2
 Searing Ray              Conj           8%         3d3       9%          2
 Swiftness                Air            4%         N/A       17%         3
 Animate Dead             Necr           2%         N/A       50%         4
 Fulminant Prism          Conj/Hex       2%         3d6       50%         4
 Invisibility             Hex            2%         N/A       100%        6
 Haunt                    Necr/Summ      2%         N/A       100%        7
 Infestation              Necr           2%         N/A       100%        8


Dungeon Overview and Level Annotations

Branches:
Dungeon (11/15)            Temple (1/1) D:6            Lair (0/6) D:8
  Sewer (visited)
    Orc: D:9-12

Altars:
Ashenzari
Cheibriados
Dithmenos
Elyvilon
Fedhas
Gozag
Hepliaklqana
Kikubaaqudgha
Makhleb
Nemelex Xobeh
Okawaru
Qazlal
Ru
Sif Muna
Trog
Uskayaw
Vehumet
Wu Jian
Xom
Yredelemnul
Zin
The Shining One

Shops:
D:2 ?[*?   D:4 (


Innate Abilities, Weirdness & Mutations

You can breathe bolts of dispelling energy.
Your rich purple scales are hard. (AC +7)
You cannot fit into any form of body armour.
You are cold-blooded and may be slowed by cold attacks.
Your tail ends in a poisonous barb.
You are partially covered in large bone plates. (SH +4)
You possess an exceptional clarity of mind.
You are frail. (-10% HP)
Your system is resistant to poisons. (rPois)
You occasionally shout uncontrollably at your foes.
You are weak. (Str -2)
You sometimes lose the ability to read scrolls when taking damage.


Message History

You feel threatened and lose the ability to read scrolls!
You emit a cloud of colourful smoke!
You are poisoned.
The sea snake poisons you! You block the howler monkey's attack.
You closely miss the sea snake.
The sea snake is lightly wounded.
You feel extremely sick.
The howler monkey hits you but does no damage.
The sea snake closely misses you.
You slash the sea snake!
The sea snake seems to slow down.
You freeze the sea snake!
The sea snake is heavily wounded.
You feel extremely sick. You block the howler monkey's attack.
You slash the sea snake! You freeze the sea snake.
The sea snake is heavily wounded.
You feel very sick. The sea snake bites you!
You block the howler monkey's attack.
You closely miss the sea snake.
The sea snake is heavily wounded.
You can read scrolls again.
You feel very sick. The howler monkey closely misses you.
The sea snake misses you.
You miss the sea snake.
The sea snake is heavily wounded.
You feel very sick.
The sea snake is no longer moving slowly.
The howler monkey misses you.
You riposte.
You closely miss the howler monkey.
You feel much better.
You feel very sick. The sea snake bites you!
You feel threatened and lose the ability to read scrolls!
You are lethally poisoned!
The sea snake poisons you! You block the howler monkey's attack.
The sea snake bites you!
* * * LOW HITPOINT WARNING * * *
You feel extremely sick.
You cannot read scrolls in your current state!
You die...
Xom titters!

.......# #........>.......>[#
#####..## #.##...............#
##..## #.##...............# #...#
#.##...............# ##..#
#.###.............## ##.#####.#
#....[.......### #######.....##.#
#h.###..###### #
......#........###S#####.## ##
................@ยงยงยง..##<.######.
####............#####............
####.............###..##..####
#.....#..####...#.##...# #
#............##.#.##.##.# #
#.....##.###.##......# ## #
#.....##.# #........### # ########.#
#..###.#...### # #.......###..#
#.###...###


You could see a sea snake.

Vanquished Creatures
  A two-headed ogre (D:8)
  Psyche (D:10)
  A jumping spider (D:8)
  A troll (D:10)
  A shadow (D:10)
  A wyvern (D:10)
  2 yaks (D:8)
  A water moccasin (D:6)
  4 orc warriors
  A hornet zombie (D:5)
  2 ice beasts (D:6)
  5 ogres
  A necrophage (D:6)
  4 centaurs
  A phantom (D:4)
  7 kobold brigands
  2 bullfrogs
  A gnoll sergeant (D:7)
  2 water moccasin zombies
  A scorpion (D:6)
  9 killer bees
  8 wights
  3 howler monkeys (D:10)
  5 centaur zombies
  A jelly (D:6)
  5 orc priests
  2 bullfrog zombies
  2 hounds
  2 gnoll shamans
  A bullfrog skeleton (D:4)
  A centaur skeleton (D:5)
  5 iguanas
  Ijyb (D:5)
  5 orc wizards
  A killer bee zombie (D:6)
  3 howler monkey zombies
  14 gnolls
  9 adders
  A howler monkey skeleton (D:5)
  2 river rats (Sewer)
  2 white imps
  8 worms
  3 dart slugs
  10 orcs
  11 ball pythons
  6 bats
  11 endoplasms
  3 giant cockroaches
  7 goblins
  4 hobgoblins
  7 jackals
  16 kobolds
  6 quokkas
  2 frilled lizards
  10 rats
226 creatures vanquished.

Vanquished Creatures (collateral kills)
  A sky beast (D:7)
1 creature vanquished.

Vanquished Creatures (others)
  A yak (D:8)
1 creature vanquished.

Grand Total: 228 creatures vanquished

Notes
Turn   | Place    | Note
-------+----------+-------------------------------------------
     0 | D:1      | Lekart the Draconian Chaos Knight began the quest for the
                  | Orb.
     0 | D:1      | Reached XP level 1. HP: 19/19 MP: 1/1
    63 | D:1      | Reached XP level 2. HP: 20/26 MP: 2/2
   207 | D:1      | XOM: potion effect (haste)
   654 | D:1      | XOM: 1-stop teleportation journey
   710 | D:1      | XOM is BORED!
   710 | D:1      | XOM: give mutation
   710 | D:1      | Gained mutation: You are weak. (Str -2) [Xom's mischief]
   789 | D:1      | Reached XP level 3. HP: 27/33 MP: 4/4
  1061 | D:2      | Reached skill level 1 in Spellcasting
  1086 | D:2      | Found Hokoamel's Magic Scroll Shop.
  1121 | D:2      | XOM: silly message
  1163 | D:2      | Found Ymyisk's General Store.
  1187 | D:2      | Reached XP level 4. HP: 24/40 MP: 5/5
  1484 | D:2      | Found Atwaiw's Magic Scroll Shoppe.
  1545 | D:2      | Lost mutation: You are weak. (Str -2) [potion of mutation]
  1545 | D:2      | Gained mutation: You are weak. (Str -2) [potion of
                  | mutation]
  1545 | D:2      | Gained mutation: You have a somewhat thin skeletal
                  | structure. (Dex +2, Stealth+) [potion of mutation]
  1545 | D:2      | Gained mutation: Your spells are a little harder to cast,
                  | but a little more powerful. [potion of mutation]
  1546 | D:2      | Lost mutation: You are weak. (Str -2) [potion of mutation]
  1546 | D:2      | Lost mutation: Your spells are a little harder to cast, but
                  | a little more powerful. [potion of mutation]
  1546 | D:2      | Lost mutation: You have a somewhat thin skeletal structure.
                  | (Dex +2, Stealth+) [potion of mutation]
  1546 | D:2      | Gained mutation: You are partially covered in large bone
                  | plates. (SH +4) [potion of mutation]
  1546 | D:2      | Gained mutation: You possess an exceptional clarity of
                  | mind. [potion of mutation]
  1546 | D:2      | Gained mutation: Your system is resistant to poisons.
                  | (rPois) [potion of mutation]
  1889 | D:2      | Found Zafig's Antique Armour Boutique.
  2024 | D:3      | Found an opulent altar of Gozag.
  2157 | D:3      | Found a faded altar of an unknown god.
  2283 | D:3      | XOM: silly message
  2287 | D:3      | Reached skill level 4 in Long Blades
  2381 | D:3      | XOM: silly message
  2463 | D:3      | Reached XP level 5. HP: 36/46 MP: 5/7
  2888 | D:3      | Found a hazy altar of Hepliaklqana.
  3716 | D:4      | Noticed a phantom
  3731 | D:4      | Killed a phantom
  3732 | D:4      | Reached XP level 6. HP: 50/53 MP: 9/9
  3834 | D:4      | Found Vionnir's Firing Range.
  3962 | D:4      | XOM: give mutation
  3962 | D:4      | Gained mutation: You are agile. (Dex +2) [Xom's grace]
  4106 | D:5      | Entered Level 5 of the Dungeon
  4136 | D:5      | XOM: summons 4 hostile demons
  4137 | D:5      | Noticed a red devil
  4137 | D:5      | Noticed a chaos spawn
  4137 | D:5      | XOM: summons 2 hostile shadow creatures
  4235 | D:4      | XOM: noise
  4541 | D:5      | Reached skill level 5 in Long Blades
  4615 | D:5      | XOM: 1-stop teleportation journey
  4771 | D:5      | Reached skill level 5 in Fighting
  4771 | D:5      | Your scales start taking on a rich purple colour.
  4771 | D:5      | Reached XP level 7. HP: 59/61 MP: 10/12
  4811 | D:5      | Found a basalt altar of Yredelemnul.
  4866 | D:5      | Reached skill level 1 in Shields
  5125 | D:5      | Noticed Ijyb
  5132 | D:5      | XOM: enchant monster (bad)
  5145 | D:5      | Killed Ijyb
  5212 | D:5      | XOM: scenery: 1 doors close
  5300 | D:6      | XOM: confuse monster(s)
  5319 | D:6      | Found a glowing drain.
  5326 | Sewer    | Entered a sewer
  5484 | Sewer    | XOM: silly message
  5608 | Sewer    | Reached skill level 6 in Long Blades
  5905 | Sewer    | XOM: silly message
  5952 | Sewer    | XOM: god gift: scroll labelled IMEX LENAENUOKK {god gift}
  6119 | Sewer    | XOM: confuse monster(s)
  6606 | Sewer    | XOM: divination: magic mapping
  6621 | Sewer    | Reached XP level 8. HP: 69/69 MP: 14/14
  6681 | D:6      | XOM: scenery: create altars
  6788 | D:6      | Identified the +3 trident "Grim Tooth" {vorpal, Str+4}
  6842 | D:6      | Reached skill level 7 in Long Blades
  6900 | D:6      | XOM: butterfly on damage
  6917 | D:5      | Reached skill level 5 in Spellcasting
  6966 | D:5      | XOM: god gift: scroll of fog
  7068 | D:5      | XOM: fog
  7158 | D:5      | Reached skill level 1 in Polearms
  7337 | D:6      | XOM: scenery: create altars
  7354 | D:6      | Reached skill level 5 in Dodging
  7410 | D:6      | XOM: 1-stop teleportation journey
  7522 | D:6      | XOM: cloud trail
  7552 | D:6      | Reached XP level 9. HP: 75/75 MP: 17/17
  7617 | D:6      | XOM: 8-stop teleportation journey
  7767 | D:6      | XOM: stat loss: -1 Dex (16/17)
  7807 | D:6      | Found a staircase to the Ecumenical Temple.
  7870 | Temple   | Entered the Ecumenical Temple
  7963 | Temple   | XOM: noise
  8118 | Temple   | XOM: noise
  8319 | D:6      | XOM: scenery: create altars
  8525 | D:7      | XOM: 1-stop teleportation journey
  8591 | D:7      | XOM: 8-stop teleportation journey
  8806 | D:7      | XOM: god gift: plate armour {god gift}
  8953 | D:7      | Reached skill level 8 in Long Blades
  9251 | D:7      | XOM: summons 4 friendly demons
  9913 | D:2      | Bought a scroll of brand weapon for 240 gold pieces
  9946 | D:2      | Bought a scroll of enchant weapon for 75 gold pieces
 10149 | D:8      | Noticed a jumping spider
 10149 | D:8      | a yak changed into a jumping spider
 10149 | D:8      | XOM: polymorph yak -> jumping spider
 10159 | D:8      | XOM: summons 2 friendly demons
 10162 | D:8      | XOM: destruction
 10173 | D:8      | Killed a jumping spider
 10194 | D:8      | Reached skill level 1 in Throwing
 10438 | D:8      | Found a staircase to the Lair.
 10475 | D:8      | Noticed a two-headed ogre
 10488 | D:8      | XOM: summons friendly rust devil
 10494 | D:8      | Killed a two-headed ogre
 10495 | D:8      | Reached skill level 9 in Long Blades
 10495 | D:8      | Reached XP level 10. HP: 67/86 MP: 16/20
 10620 | D:8      | XOM: noise
 10646 | D:8      | XOM: give mutations
 10646 | D:8      | Gained mutation: Your muscles are strong. (Str +2) [Xom's
                  | grace]
 10646 | D:8      | Gained mutation: Your tail ends in a poisonous barb. [Xom's
                  | grace]
 10768 | D:8      | XOM: noise
 11190 | D:8      | Found a blossoming altar of Fedhas.
 11227 | D:8      | XOM: give mutations
 11227 | D:8      | Lost mutation: You are agile. (Dex +2) [Xom's mischief]
 11227 | D:8      | Lost mutation: Your muscles are strong. (Str +2) [Xom's
                  | mischief]
 11227 | D:8      | Gained mutation: You occasionally shout uncontrollably at
                  | your foes. [Xom's mischief]
 11227 | D:8      | Gained mutation: You sometimes lose the ability to read
                  | scrolls when taking damage. [Xom's mischief]
 11481 | D:9      | XOM: give mutations
 11481 | D:9      | Gained mutation: You are weak. (Str -2) [Xom's mischief]
 11481 | D:9      | Gained mutation: You are frail. (-10% HP) [Xom's mischief]
 12220 | D:10     | Entered Level 10 of the Dungeon
 12227 | D:10     | XOM: blink monster(s)
 12430 | D:9      | XOM: chaos cloud
 12433 | D:9      | XOM: polymorph troll -> ogre
 12597 | D:10     | XOM: 1-stop teleportation journey
 12994 | D:10     | Reached skill level 5 in Shields
 13194 | D:11     | Noticed Psyche
 13289 | D:10     | Killed Psyche
 13442 | D:11     | Noticed a two-headed ogre
 13445 | D:11     | XOM: summons 4 hostile demons
 13451 | D:11     | XOM: summons 6 hostile demons
 13464 | D:11     | XOM: 1-stop teleportation journey
 13465 | D:11     | Noticed a two-headed ogre
 13544 | D:10     | Noticed a sea snake
 13544 | D:10     | a two-headed ogre changed into a sea snake
 13544 | D:10     | XOM: polymorph two-headed ogre -> sea snake
 13546 | D:10     | XOM: smoke on damage
 13554 | D:10     | Succumbed to a sea snake's poison

Illustrated notes

Levels and vault maps discovered:
D:1:      minmay_arrival_diagonal_passages, layout_basic, supply_closet_lemuel
D:2:      layout_basic, serial_shops, nicolae_diamond_shop,
          nicolae_shop_crystal, shop, nicolae_shop_overgrown_old_shop
D:3:      layout_basic, worldfamousw_hep_ancestral_shrine,
          nicolae_gozag_seed_capital,
          hellmonk_ecumenical_altar_pennies_from_heaven, kennysheep_another_room
D:4:      layout_basic, interstate_on_off, nicolae_shop_firing_range
D:5:      layout_gridville, mainiacjoe_overflow_alcove_4,
          kennysheep_pointless_box, uniq_ijyb
D:6:      layout_loops_ring, temple_statues, cheibrodos_sewer_entry_sluice
D:7:      layout_basic
D:8:      layout_loops_corners, kennysheep_mini, lair_entry_dummy
D:9:      layout_long_grid
D:10:     layout_rooms, hangedman_decor_points
D:11:     layout_cave_pools, uniq_psyche
Temple:   hc_temple_tempest_star

Skill      XL: |  1  2  3  4  5  6  7  8  9 10 |
---------------+-------------------------------+-----
Spellcasting   | 1 2 3 4 5 7 |  7.9
Fighting       | 4 5 6 7 |  7.7
Long Blades    | 4 5 6 7 9 |  9.8
Dodging        | 3 5 6 |  6.6
Shields        | 1 2 4 5 |  5.1
Polearms       | 1 2 |  2.1
Throwing       | 1 |  1.7

Action                   |  1- 3 |  4- 6 |  7- 9 | 10-12 || total
-------------------------+-------+-------+-------+-------++-------
Melee: Falchion          |    99 |   146 |   391 |       ||   636
       Tailslap          |    11 |    19 |    83 |    30 ||   143
       Trident           |       |       |    25 |       ||    25
       Long sword        |       |       |    92 |   162 ||   254
Throw: Dart              |       |       |    12 |     3 ||    15
       Boomerang         |       |       |     1 |     6 ||     7
 Abil: Breathe Dispellin |       |       |    13 |     4 ||    17
  Use: Potion            |       |     6 |     1 |     3 ||    10
       Scroll            |       |     5 |     7 |     4 ||    16
 Stab: Sleeping          |     1 |       |     1 |       ||     2
       Confused          |     2 |       |     4 |       ||     6
       Petrifying        |     1 |       |       |       ||     1
Armor: Skin              |    38 |    39 |   158 |    63 ||   298
Dodge: Dodged            |    66 |    95 |   300 |   116 ||   577
Block: Other             |       |    17 |    55 |       ||    72
       Buckler           |       |       |    85 |   143 ||   228
       Rpst.: Falchion   |    17 |    25 |    58 |       ||   100
       Long sword        |       |       |     8 |    34 ||    42

Table legend: (Time is in decaauts)
 A = Elapsed time spent in this place.
 B = Non-inter-level travel time spent in this place.
 C = Inter-level travel time spent in this place.
 D = Time resting spent in this place.
 E = Time spent auto-exploring this place.
 F = Levels seen in this place.
 G = Mean time per level.
                   A        B        C        D        E       F      G
               +--------+--------+--------+--------+--------+-----+--------+
         Total |  13763 |  13042 |    721 |   2819 |   8155 |  13 | 1058.7 |
       Dungeon |  11931 |  11243 |    688 |   2484 |   7058 |  11 | 1084.6 |
        Temple |    332 |    300 |     32 |      0 |    297 |   1 |  332.0 |
         Sewer |   1500 |   1500 |      0 |    335 |    799 |   1 | 1500.0 |
               +--------+--------+--------+--------+--------+-----+--------+

Top non-repeatable levels by time:
   Sewer: 1500 daAuts
     D:4: 1433 daAuts
     D:7: 1377 daAuts
     D:5: 1342 daAuts
     D:8: 1286 daAuts
     D:6: 1256 daAuts
     D:9: 1159 daAuts
     D:1: 1025 daAuts
     D:3: 1020 daAuts
     D:2: 1004 daAuts
    D:10: 933 daAuts
  Temple: 332 daAuts
    D:11: 91 daAuts
